 Dungeon Crawl Stone Soup version 0.31.0-12-g77e489cdc1 (webtiles) character file.

Game seed: 15395532311415143230

282 PaiMei the Grave Robber (level 6, -3/46 HPs)
             Began as a Demonspawn Necromancer on Feb 20, 2024.
             Slain by Duvessa
             ... wielding a +0 short sword
              (6 damage)
             ... on level 4 of the Dungeon.
             The game lasted 00:05:07 (4089 turns).

PaiMei the Grave Robber (Demonspawn Necromancer)    Turns: 4089, Time: 00:05:07

Health: -3/46      AC:  2    Str:  8    XL:     6   Next: 6%
Magic:  1/11       EV: 13    Int: 18    God:
Gold:   111        SH:  0    Dex: 13    Spells: 7/11 levels left

rFire   . . .        c - +0 dagger
rCold   . . .        (no shield)
rNeg    . . .        a - +0 robe
rPois   .            (no helmet)
rElec   .            (no cloak)
rCorr   .            (no gloves)
SInv    .            (no boots)
Will    .....        (no amulet)
Stlth   ++           (no ring)
HPRegen 0.27/turn    (no ring)
MPRegen 0.12/turn

%: no passive effects
@: no status effects
A: foul stench 1
a: no special abilities


You were on level 4 of the Dungeon.
You visited 1 branch of the dungeon, and saw 4 of its levels.

You collected 111 gold pieces.

Inventory:

Hand Weapons
 c - a +0 dagger (weapon)
Missiles
 m - 6 poisoned darts (quivered)
Armour
 a - a +0 robe (worn)
Jewellery
 g - a ring of fire
 t - a ring of poison resistance
Wands
 n - a wand of flame (5)
Scrolls
 e - a scroll of revelation {unknown}
 f - 4 scrolls of identify {unknown}
 i - a scroll of torment {unknown}
 q - a scroll of brand weapon {unknown}
 r - a scroll of noise {unknown}
 s - a scroll of immolation {unknown}
Potions
 b - a potion of magic
 d - 2 potions of heal wounds {unknown}
 h - a potion of berserk rage {unknown}
 j - a potion of lignification {unknown}
 k - a potion of invisibility {unknown}
 l - 2 potions of curing {unknown}
 o - a potion of haste {unknown}
 p - a potion of ambrosia {unknown}
 u - a potion of enlightenment {unknown}
 v - a potion of brilliance {unknown}


   Skills:
 + Level 2.5 Fighting
 + Level 3.2 Dodging
 - Level 2.0 Stealth
 + Level 3.4 Spellcasting
 + Level 5.4 Necromancy


You had 7 spell levels left.
You knew the following spells:

 Your Spells              Type           Power      Damage    Failure   Level
a - Necrotise             Necr           88%        1d8       1%          1
b - Vampiric Draining     Necr           22%        2d7       4%          3

Your spell library contained the following spells:

 Spells                   Type           Power      Damage    Failure   Level
 Animate Dead             Necr           22%        N/A       17%         4
 Curse of Agony           Necr           22%        N/A       43%         5


Dungeon Overview and Level Annotations

Branches:
Dungeon (4/15)
 Temple: D:4-7

Altars:
Fedhas
Okawaru

Shops:
D:2 (   D:3 *(*

Annotations:
D:3 1 runed translucent door, Crazy Yiuf
D:4 Dowan, Duvessa, Edmund


Innate Abilities, Weirdness & Mutations

You may rarely emit foul miasma when damaged in melee.


Message History

* * * LOW HITPOINT WARNING * * *
Casting: Necrotise (safe; 1% risk of failure)
Confirm with . or Enter, or press ? or * to list all spells.
Aiming: Necrotise (safe; 1% risk of failure)
Press: ? - help, Shift-Dir - straight line, f/p - Duvessa
Aim: Duvessa, wielding a +0 short sword and wearing a +1 leather armour of cold resistance (severely wounded, chance to affect: 67%) Duvessa writhes in agony.
Duvessa closely misses you.
Casting: Necrotise (safe; 1% risk of failure)
Confirm with . or Enter, or press ? or * to list all spells.
You don't have enough magic to cast this spell.
Casting: Necrotise (safe; 1% risk of failure)
Confirm with . or Enter, or press ? or * to list all spells.
You don't have enough magic to cast this spell.
Casting: Necrotise (safe; 1% risk of failure)
Confirm with . or Enter, or press ? or * to list all spells.
You don't have enough magic to cast this spell.
Casting: Necrotise (safe; 1% risk of failure)
Confirm with . or Enter, or press ? or * to list all spells.
You don't have enough magic to cast this spell.
You barely miss Duvessa.
Duvessa is almost dead.
Duvessa hits you with a +0 short sword.
* * * LOW HITPOINT WARNING * * *
You hit Duvessa.
Duvessa is almost dead.
Duvessa hits you with a +0 short sword.
* * * LOW HITPOINT WARNING * * *
Casting: Necrotise (safe; 1% risk of failure)
Confirm with . or Enter, or press ? or * to list all spells.
You don't have enough magic to cast this spell.
You closely miss Duvessa.
Duvessa is almost dead.
Duvessa closely misses you.
Casting: Necrotise (safe; 1% risk of failure)
Confirm with . or Enter, or press ? or * to list all spells.
You don't have enough magic to cast this spell.
You completely miss Duvessa.
Duvessa is almost dead.
Duvessa hits you with a +0 short sword.
You die...

### #.# ###.#.
... ...#. #.# ##
.... #.# .. #..#
#.# .# #..# #.#
.# #..# #####.#
.####..# #..e@.#
.......# #.#####
.##.#..######.#
.##.#.......#.#
.##.##.####.#.#
.##.##.# #.#>#
.......# #e#.#
..#.#######.#.##
#.#.# #.......#


You could see Duvessa.

Vanquished Creatures
  2 bombardier beetles
  An orc wizard (D:4)
  An iguana (D:4)
  Ijyb (D:3)
  Terence (D:3)
  3 adders
  A dart slug (D:1)
  2 ribbon worms
  10 orcs
  8 ball pythons
  6 bats
  6 endoplasms
  2 giant cockroaches (D:1)
  7 goblins
  4 hobgoblins
  3 frilled lizards
  11 kobolds
  3 rats
72 creatures vanquished.

Vanquished Creatures (collateral kills)
  An endoplasm (D:2)
  A giant cockroach (D:1)
  A ball python (D:1)
  2 frilled lizards
5 creatures vanquished.

Grand Total: 77 creatures vanquished

Notes
Turn   | Place    | Note
-------+----------+-------------------------------------------
     0 | D:1      | PaiMei the Demonspawn Necromancer began the quest for the
                  | Orb.
     0 | D:1      | Reached XP level 1. HP: 13/13 MP: 3/3
   316 | D:1      | Gained mutation: You may rarely emit foul miasma when
                  | damaged in melee. [demonic ancestry]
   316 | D:1      | Reached XP level 2. HP: 19/19 MP: 0/5
   936 | D:1      | Reached XP level 3. HP: 25/25 MP: 3/6
  1611 | D:2      | Reached skill level 1 in Fighting
  2089 | D:2      | Learned a level 3 spell: Vampiric Draining
  2099 | D:2      | Found Peidoo's Weapon Shoppe.
  2106 | D:2      | Reached XP level 4. HP: 30/32 MP: 3/7
  2407 | D:3      | Found Qosiedec's Assorted Antiques.
  2408 | D:3      | Found Qolomok's Antique Weapon Emporium.
  2410 | D:3      | Noticed Terence
  2506 | D:3      | Found Coann's Assorted Antiques.
  2526 | D:3      | Found a runed translucent door.
  2527 | D:3      | Noticed Crazy Yiuf
  2565 | D:3      | Noticed Ijyb
  2576 | D:3      | Killed Ijyb
  2577 | D:3      | Reached skill level 5 in Necromancy
  2802 | D:3      | Killed Terence
  2991 | D:3      | Reached XP level 5. HP: 38/38 MP: 5/9
  3139 | D:3      | Found a blossoming altar of Fedhas.
  3377 | D:3      | Noticed a phantom
  3506 | D:4      | Noticed Edmund
  3713 | D:4      | Reached XP level 6. HP: 42/46 MP: 3/11
  3857 | D:4      | Found an iron altar of Okawaru.
  3987 | D:4      | Noticed Duvessa
  3995 | D:4      | Noticed Dowan
  4087 | D:4      | HP: 2/46 [Duvessa/+0 short sword (1)]
  4089 | D:4      | Slain by Duvessa

Illustrated notes

Levels and vault maps discovered:
D:1:      giann_horns, layout_basic, minmay_surrounded
D:2:      layout_basic, serial_shops, shop
D:3:      layout_rooms, mainiacjoe_overflow_alcove_1, serial_shops, shop,
          nicolae_shop_just_a_little_nook, nicolae_diamond_shop,
          serial_bayou_pond_a, uniq_crazy_yiuf_cottage, uniq_terence, uniq_ijyb
D:4:      layout_loops_ring, old_standard_altar, uniq_edmund, uniq_duvessa

Skill      XL: |  1  2  3  4  5 |
---------------+----------------+-----
Stealth        | 2 |  2.0
Dodging        | 2 3 |  3.2
Fighting       | 1 2 |  2.5
Necromancy     | 5 |  5.4
Spellcasting   | 3 |  3.4

Action                     |  1- 3 |  4- 6 || total
---------------------------+-------+-------++-------
  Melee: Dagger            |       |    32 ||    32
   Cast: Necrotise         |    68 |    60 ||   128
         Vampiric Draining |       |     7 ||     7
 Armour: Robe              |    12 |    34 ||    46
  Dodge: Dodged            |     6 |    35 ||    41
